 Dungeon Crawl Stone Soup version 0.23.2-1-ga50397a6bc (webtiles) character file.

Game seed: 14967614911129968632

13591 Peloso the Carver (level 11, 0/100 HPs)
             Began as a Minotaur Fighter on May 19, 2019.
             Was a High Priest of Okawaru.
             Slain by an ice beast (13 damage)
             ... summoned by an ice statue
             ... in an ice cave.
             The game lasted 00:26:36 (11720 turns).

Peloso the Carver (Minotaur Fighter)               Turns: 11720, Time: 00:26:40

Health: 0/100      AC: 14    Str: 27    XL:     11   Next: 77%
Magic:  10/10      EV:  8    Int:  5    God:    Okawaru [*****.]
Gold:   513        SH: 16    Dex: 12    Spells: 10/10 levels left

rFire    . . .     SeeInvis .   a - +3 falchion (curse)
rCold    . . .     Gourm    .   c - +0 shield
rNeg     . . .     Faith    .   u - +0 plate armour
rPois    .         Spirit   .   (helmet restricted)
rElec    .         Reflect  +   w - scarf {cloud immunity}
rCorr    .         Harm     .   (no gloves)
MR       +....                  (no boots)
Stlth    ..........             I - +3 amulet of reflection
HPRegen  0.26/turn              l - ring of stealth
MPRegen  0.12/turn              D - ring of protection from magic

@: mighty
A: retaliatory headbutt, horns 2
a: Heroism, Finesse, Renounce Religion


You were in an ice cave.
You worshipped Okawaru.
Okawaru was extremely pleased with you.
You were hungry.

You visited 1 branch of the dungeon, and saw 11 of its levels.
You also visited: Ice Cave.

You collected 858 gold pieces.
You spent 345 gold pieces at shops.

Inventory:

Hand Weapons
 a - a cursed +3 falchion (weapon)
Armour
 b - a +0 scale mail
 c - a +0 shield (worn)
 u - a +0 plate armour (worn)
 w - a scarf of cloud immunity (worn)
Jewellery
 l - a ring of stealth (left hand)
 n - an uncursed ring of fire
 r - an uncursed ring of fire
 C - the ring of Xuafyhuw {+Fly Int+5}
   (You found it on level 8 of the Dungeon)

   [ring of flight]

   It affects your intelligence (+5).
   It lets you fly.
 D - a ring of protection from magic (right hand)
 E - an uncursed amulet of the acrobat
 I - a +3 amulet of reflection (around neck)
Wands
 v - a wand of clouds (4)
 B - a wand of random effects (27)
 F - a wand of disintegration (14)
Scrolls
 h - a scroll of blinking
 j - 2 scrolls of fog
 m - 2 scrolls of teleportation
 p - 3 scrolls of remove curse
 t - 3 scrolls of noise
 y - 2 scrolls of enchant weapon
 z - a scroll of amnesia
 H - a scroll of enchant armour
Potions
 d - 5 potions of might
 e - 8 potions of curing
 g - 4 potions of heal wounds
 i - 3 potions of brilliance
 k - 4 potions of haste
 o - a potion of mutation
 q - 2 potions of agility
 s - a potion of invisibility {unknown}
 x - a potion of degeneration {unknown}
 A - 3 potions of flight {unknown}
Comestibles
 f - 17 rations


   Skills:
 + Level 10.2 Fighting
 + Level 13.6 Long Blades
 + Level 10.4 Armour
 + Level 3.1 Dodging
 + Level 1.2 Stealth
 + Level 11.4 Shields
 + Level 1.1 Invocations


You had 10 spell levels left.
You didn't know any spells.
Your spell library contained the following spells:

 Spells                   Type           Power        Failure   Level  Hunger
 Corona                   Hex            #......      100%        1    ##.....
 Ensorcelled Hibernation  Hex/Ice        #.....       100%        2    ###....
 Confuse                  Hex            #.......     100%        3    ####...
 Dazzling Spray           Conj/Hex       #.....       100%        3    ####...
 Tukima's Dance           Hex            #.......     100%        3    ####...


Dungeon Overview and Level Annotations

Branches:
Dungeon (11/15)            Temple (0/1) D:7            Lair (0/6) D:10
    Orc (0/2) D:9

Altars:
Ashenzari
Fedhas
Gozag
Hepliaklqana
Kikubaaqudgha
Nemelex Xobeh
Okawaru
Qazlal
Trog
Uskayaw
Yredelemnul

Shops:
D:4 *   D:5 (   D:10 ?

Annotations:
IceCv 1 transporter, exclusion: ice statue


Innate Abilities, Weirdness & Mutations

You reflexively headbutt those who attack you in melee.
You have a pair of horns on your head.


Message History

You headbutt the ice statue!
The ice statue is severely damaged.
You block the ice beast's attack. The ice beast hits you.
The ice beast freezes you!
The ice beast hits you but does no damage.
Unknown command.
You completely miss the ice statue.
The ice statue is severely damaged.
The ice beast hits you.
* * * LOW HITPOINT WARNING * * *
The ice beast freezes you!
* * * LOW HITPOINT WARNING * * *
Unknown command.
You slash the ice statue!
The ice statue is almost destroyed.
The ice beast closely misses you. You furiously retaliate!
You headbutt the ice beast! The ice beast hits you.
* * * LOW HITPOINT WARNING * * *
The ice beast freezes you!
You die...

#####
###...####
##........##
#..........##
#...........##
#.8..........#
#$.(.........#
#©)YY....©.∩.#
#[.$@........#
#.8.Y8.......#
#...........##
#..........##
##........##
###...####
#####


You could see an ice statue and 3 ice beasts.

Vanquished Creatures
  A two-headed ogre (D:8)
  Pikel (D:7)
  4 ugly things
  An ice statue (IceCv)
  A centaur skeleton (D:10)
  A gargoyle (D:10)
  A rime drake (D:11)
  A troll (D:9)
  A hornet (D:11)
  2 polar bears (D:11)
  19 yaks
  2 porcupines (D:10)
  4 sky beasts
  4 orc warriors
  A slave (D:7)
  9 ice beasts
  3 black bears
  2 phantoms
  2 necrophages
  4 ogres
  3 wolves (D:11)
  2 crocodiles (D:10)
  4 bullfrogs
  2 water moccasin skeletons
  3 scorpions
  A troll skeleton (D:7)
  6 howler monkeys
  5 wights (D:7)
  A bullfrog zombie (D:10)
  2 crimson imps
  2 centaur zombies
  A quasit (D:4)
  2 hounds (D:4)
  2 jellies
  2 human zombies (D:7)
  10 orc priests
  3 bullfrog skeletons
  A human skeleton (D:7)
  Ijyb (D:5)
  6 iguanas
  8 orc wizards
  12 worker ants
  An ogre zombie (D:7)
  A hound zombie (D:5)
  3 mummies (D:7)
  A hound skeleton (D:7)
  A howler monkey zombie (D:7)
  3 worker ant zombies
  5 gnolls
  13 adders
  A howler monkey skeleton (D:6)
  2 oozes
  An adder skeleton (D:4)
  An adder zombie (D:8)
  4 worms
  A dart slug (D:3)
  8 leopard geckos
  43 orcs
  5 giant cockroaches
  4 goblins
  13 hobgoblins
  18 jackals
  7 quokkas
  3 ball pythons
  13 bats
  2 frilled lizards
  4 kobolds
  A leopard gecko skeleton (D:5)
  9 rats
  A bush (D:2)
312 creatures vanquished.

Vanquished Creatures (others)
  A human skeleton (D:7)
  A hound skeleton (D:7)
  An orc (D:7)
  A plant (D:10)
4 creatures vanquished.

Grand Total: 316 creatures vanquished

Notes
Turn   | Place    | Note
-------+----------+-------------------------------------------
     0 | D:1      | Peloso the Minotaur Fighter began the quest for the Orb.
     0 | D:1      | Reached XP level 1. HP: 19/19 MP: 0/0
   115 | D:1      | Reached XP level 2. HP: 26/27 MP: 1/1
   674 | D:2      | Reached XP level 3. HP: 31/33 MP: 2/2
   706 | D:2      | Reached skill level 3 in Long Blades
  1143 | D:2      | Reached XP level 4. HP: 40/40 MP: 3/3
  1546 | D:2      | Found a sparkling altar of Nemelex Xobeh.
  1851 | D:2      | Reached skill level 4 in Long Blades
  1855 | D:2      | Reached XP level 5. HP: 26/46 MP: 4/4
  2190 | D:3      | Reached skill level 1 in Dodging
  2357 | D:3      | Found an iron altar of Okawaru.
  2358 | D:3      | Found a hazy altar of Hepliaklqana.
  2366 | D:3      | Became a worshipper of Warmaster Okawaru
  2689 | D:4      | Found an ancient bone altar of Kikubaaqudgha.
  2707 | D:4      | Reached skill level 5 in Long Blades
  2707 | D:4      | Reached skill level 5 in Shields
  2707 | D:4      | Reached XP level 6. HP: 41/53 MP: 5/5
  2779 | D:4      | Found Sommatie's General Store.
  2787 | D:4      | Bought a cursed amulet of inaccuracy for 24 gold pieces
  3132 | D:4      | Found a blossoming altar of Fedhas.
  3260 | D:4      | Reached skill level 5 in Armour
  3793 | D:5      | Entered Level 5 of the Dungeon
  3798 | D:5      | Reached XP level 7. HP: 60/60 MP: 6/6
  3807 | D:5      | Reached skill level 6 in Long Blades
  3820 | D:5      | Noticed Ijyb
  3859 | D:4      | Reached * piety under Okawaru
  4007 | D:5      | Killed Ijyb
  4046 | D:5      | Found Bisirr's Weapon Emporium.
  4361 | D:5      | Reached skill level 5 in Fighting
  4580 | D:5      | Found a shattered altar of Ashenzari.
  4651 | D:6      | Found a hide-covered altar of Uskayaw.
  4664 | D:6      | Reached skill level 7 in Long Blades
  4664 | D:6      | Reached XP level 8. HP: 66/68 MP: 7/7
  4674 | D:6      | Found a hide-covered altar of Uskayaw.
  4693 | D:6      | Reached ** piety under Okawaru
  5019 | D:6      | Identified the +0 robe of Objectivity {Int+2}
  5447 | D:6      | Reached skill level 8 in Long Blades
  6637 | D:6      | Reached XP level 9. HP: 78/78 MP: 5/8
  6808 | D:7      | Reached skill level 9 in Long Blades
  6845 | D:7      | Reached *** piety under Okawaru
  7300 | D:7      | Found a stormy altar of Qazlal.
  7397 | D:7      | Noticed Pikel
  7412 | D:7      | Killed Pikel
  7498 | D:7      | Reached skill level 10 in Long Blades
  7517 | D:7      | Found a basalt altar of Yredelemnul.
  7667 | D:7      | Found an opulent altar of Gozag.
  7711 | D:7      | Found a bloodstained altar of Trog.
  7720 | D:7      | Reached **** piety under Okawaru
  7720 | D:7      | Reached skill level 1 in Stealth
  8078 | D:7      | Found a staircase to the Ecumenical Temple.
  8449 | D:8      | Reached XP level 10. HP: 87/90 MP: 9/9
  8464 | D:8      | Noticed a two-headed ogre
  8477 | D:8      | Killed a two-headed ogre
  8477 | D:8      | Reached skill level 11 in Long Blades
  8799 | D:8      | Got an ancient golden ring
  9106 | D:8      | Found a shattered altar of Ashenzari.
  9244 | D:9      | Found a staircase to the Orcish Mines.
  9255 | D:8      | Reached ***** piety under Okawaru
  9277 | D:8      | Identified the ring of Xuafyhuw {+Fly Int+5} (You found it
                  | on level 8 of the Dungeon)
  9939 | D:9      | Reached skill level 12 in Long Blades
  9998 | D:10     | Entered Level 10 of the Dungeon
 10175 | D:10     | Found a staircase to the Lair.
 10636 | D:10     | Reached skill level 10 in Armour
 10636 | D:10     | Reached XP level 11. HP: 96/97 MP: 10/10
 10646 | D:10     | Found Ziffurud's Magic Scroll Boutique.
 10654 | D:10     | Bought a scroll of enchant weapon for 112 gold pieces
 10654 | D:10     | Bought a scroll of immolation for 52 gold pieces
 10654 | D:10     | Bought a scroll of enchant armour for 112 gold pieces
 10654 | D:10     | Bought a scroll of random uselessness for 15 gold pieces
 10654 | D:10     | Bought a scroll of identify for 30 gold pieces
 11029 | D:10     | Reached skill level 10 in Shields
 11150 | D:11     | Noticed a purple ugly thing
 11162 | D:11     | Killed a purple ugly thing
 11190 | D:11     | Received a gift from Okawaru
 11252 | D:11     | Noticed a red ugly thing
 11272 | D:11     | Killed a red ugly thing
 11319 | D:11     | Reached skill level 13 in Long Blades
 11339 | D:11     | Found a frozen archway.
 11393 | D:11     | Reached skill level 10 in Fighting
 11654 | IceCv    | Entered an ice cave
 11654 | IceCv    | Noticed a white ugly thing
 11660 | IceCv    | Killed a white ugly thing
 11660 | IceCv    | Reached skill level 1 in Invocations
 11661 | IceCv    | Found a transporter.
 11690 | IceCv    | Noticed a white ugly thing
 11691 | IceCv    | Found a transporter.
 11695 | IceCv    | Killed a white ugly thing
 11720 | IceCv    | Slain by an ice beast

Skill      XL: |  1  2  3  4  5  6  7  8  9 10 11 |
---------------+----------------------------------+-----
Armour         | 4 5 6 7 8 10 | 10.4
Fighting       | 4 5 6 8 9 10 | 10.2
Shields        | 4 5 6 7 8 9 11 | 11.4
Long Blades    | 3 4 5 7 8 10 12 13 | 13.6
Dodging        | 1 2 3 |  3.1
Stealth        | 1 |  1.2
Invocations    | 1 |  1.1

Action                   |  1- 3 |  4- 6 |  7- 9 | 10-12 || total
-------------------------+-------+-------+-------+-------++-------
Melee: Long sword        |   116 |   295 |   322 |       ||   733
       Headbutt          |    13 |    63 |   107 |   147 ||   330
       Falchion          |       |       |   119 |   510 ||   629
Invok: Heroism           |       |       |     3 |     8 ||    11
Evoke: Wand              |       |     1 |       |       ||     1
  Use: Scroll            |       |     4 |     5 |     6 ||    15
       Potion            |       |       |     2 |     3 ||     5
  Eat: Chunk             |       |    10 |    16 |    10 ||    36
Armor: Scale mail        |    94 |    78 |       |       ||   172
       Plate armour      |       |    42 |   224 |   127 ||   393
Dodge: Dodged            |    52 |    75 |    74 |    74 ||   275
Block: Shield            |    82 |   131 |   237 |   258 ||   708
       Reflection        |       |       |       |     5 ||     5
       Rpst.: Long sword |    14 |    18 |    23 |       ||    55
       Falchion          |       |       |     5 |    22 ||    27
